Map: Abyssal Reef LE

Players

PsiMatrix

  • Race: Protoss Protoss
  • League: Diamond
  • Spawn Location: 11:00

ThetaWaves - Winner!

  • Race: Protoss Protoss
  • League: Diamond
  • Spawn Location: 5:00

VOD

Have the link to the VOD?

Description

Time

  • Played on: Sept. 6, 2017, 8:15 p.m.
  • Length: 14:39
Show
View Real Time Build Order
Export as new Build Order

PsiMatrix Protoss 

Build Orders:  

Get SALT Encoding   

  12  0:03  Probe (Chrono Boost)  
  13  0:18  Pylon  
  13  0:19  Probe (Chrono Boost)  
  14  0:32  Probe (Chrono Boost)  
  15  0:44  Probe (Chrono Boost)  
  15  0:46  Gateway  
  16  0:56  Probe (Chrono Boost)  
  17  0:58  Assimilator  
  17  1:01  Assimilator  
  17  1:09  Probe (Chrono Boost)  
  18  1:11  Pylon  
  18  1:23  Probe (Chrono Boost)  
  19  1:33  Cybernetics Core  
  19  1:35  Probe (Chrono Boost)  
  21  1:47  Probe (Chrono Boost)  
  21  1:59  Probe (Chrono Boost)  
  22  2:05  Stalker  
  22  2:09  Assimilator  
  24  2:18  Probe (Chrono Boost)  
  24  2:22  Twilight Council  
  25  2:28  Robotics Facility  
  25  2:37  Stalker  
  25  2:39  Probe (Chrono Boost)  
  25  2:42  Pylon  
  25  2:48  Warp Gate  
  27  2:58  Gateway  
  27  3:06  Immortal  
  27  3:09  Stalker  
  30  3:14  Probe (Chrono Boost)  
  34  3:26  Gateway  
  34  3:36  Pylon  
  34  3:48  Immortal  
  38  3:54  Probe (Chrono Boost)  
  39  4:03  Blink  
  37  4:30  Immortal  
  37  4:36  Pylon  
  41  4:53  Sentry  
  41  4:54  Zealot x2  
  41  4:59  Probe (Chrono Boost)  
  48  5:01  Observer  
  49  5:17  Adept  
  49  5:18  Zealot x2  
  55  5:28  Pylon  
  55  5:36  Nexus  
  55  5:47  Warp Prism  
  55  5:48  Probe (Chrono Boost)  
  58  5:58  Forge  
  58  6:04  Pylon, Charge  
  58  6:17  Robotics Bay  
  59  6:19  Probe (Chrono Boost)  
  59  6:31  Probe (Chrono Boost)  
  60  6:44  Photon Cannon  
  60  6:54  Stalker x2  
  60  6:55  Stalker  
  49  7:18  Zealot x3  
  55  7:27  Colossus  
  54  7:32  Probe x2 (Chrono Boost)  
  63  7:45  Adept x2, Protoss Ground Weapons Level 1, Probe (Chrono Boost)  
  57  7:53  Probe (Chrono Boost)  
  58  8:10  Probe x2 (Chrono Boost)  
  60  8:20  Nexus  
  60  8:26  Gateway  
  60  8:36  Colossus  
  60  8:40  Probe (Chrono Boost)  
  67  8:46  Probe (Chrono Boost)  
  68  8:52  Pylon, Probe (Chrono Boost)  
  68  8:54  Extended Thermal Lance  
  69  8:58  Probe (Chrono Boost)  
  69  8:59  Assimilator  
  69  9:02  Assimilator  
  70  9:08  Gateway  
  70  9:18  Photon Cannon, Colossus  
  70  9:22  Pylon  
  70  9:26  Probe x2 (Chrono Boost)  
  70  9:30  Photon Cannon  
  78  9:47  Zealot x2  
  78  10:01  Zealot x2  
  82  10:08  Protoss Ground Weapons Level 2  
  82  10:10  Observer, Robotics Facility  
  82  10:12  Probe x2 (Chrono Boost)  
  85  10:29  Nexus  
  85  10:36  Photon Cannon  
  85  10:46  Colossus  
  91  11:02  Stalker  
  91  11:03  Stalker x2  
  97  11:06  Probe (Chrono Boost)  
  97  11:07  Probe (Chrono Boost)  
  61  11:36  Zealot x5  
  71  11:41  Probe x2 (Chrono Boost)  
  71  11:54  Immortal  
  71  11:58  Immortal, Templar Archives  
  77  12:02  Gateway  
  79  12:23  Nexus  
  80  12:31  Probe (Chrono Boost)  
  80  12:38  Pylon  
  78  12:47  High Templar x5  
  78  12:51  Archon x2  
  85  12:57  Photon Cannon  
  84  13:06  Nexus  
  84  13:10  Immortal  
  88  13:18  Probe x2 (Chrono Boost)  
  88  13:19  High Templar  
  92  13:29  Archon  
  92  13:30  Probe x2 (Chrono Boost)  
  92  13:32  Immortal  
  98  13:37  Pylon  
  98  13:51  Forge  
  98  14:03  Nexus  
Show
View Real Time Build Order
Export as new Build Order

ThetaWaves Protoss - Winner!

Build Orders:  

Get SALT Encoding   

  12  0:08  Pylon  
  12  0:27  Gateway  
  12  0:29  Assimilator  
  12  0:35  Probe (Chrono Boost)  
  13  0:47  Probe (Chrono Boost)  
  14  0:57  Gateway  
  14  0:59  Probe (Chrono Boost)  
  16  1:13  Cybernetics Core  
  16  1:17  Probe (Chrono Boost)  
  16  1:19  Warp Gate  
  16  1:29  Probe (Chrono Boost)  
  18  1:41  Probe (Chrono Boost)  
  18  1:50  Stalker  
  18  1:52  Stalker  
  18  1:53  Probe (Chrono Boost)  
  23  2:01  Pylon  
  23  2:17  Gateway  
  23  2:21  Probe (Chrono Boost)  
  24  2:25  Stalker  
  26  2:33  Probe (Chrono Boost)  
  27  2:37  Stalker  
  30  2:45  Probe (Chrono Boost)  
  30  2:49  Pylon  
  30  2:57  Probe (Chrono Boost)  
  31  3:09  Probe (Chrono Boost)  
  32  3:24  Sentry  
  35  3:28  Probe (Chrono Boost)  
  35  3:30  Nexus  
  35  3:32  Zealot  
  37  3:40  Assimilator, Probe (Chrono Boost)  
  39  3:56  Probe (Chrono Boost)  
  39  3:59  Forge  
  39  4:02  Protoss Ground Weapons Level 1  
  39  4:13  Pylon  
  39  4:19  Pylon  
  39  4:32  Twilight Council  
  39  4:33  Probe (Chrono Boost)  
  40  4:44  Probe (Chrono Boost)  
  42  4:45  Probe (Chrono Boost)  
  42  4:50  Zealot  
  44  4:56  Probe (Chrono Boost)  
  44  4:58  Charge, Probe (Chrono Boost)  
  46  5:01  Zealot x2  
  51  5:08  Probe (Chrono Boost)  
  51  5:10  Probe (Chrono Boost)  
  52  5:20  Probe (Chrono Boost)  
  53  5:25  Probe (Chrono Boost)  
  53  5:26  Pylon  
  53  5:27  Photon Cannon  
  54  5:32  Photon Cannon  
  54  5:35  Probe (Chrono Boost)  
  55  5:40  Zealot x2  
  55  5:41  Sentry  
  55  5:42  Protoss Ground Weapons Level 2  
  59  5:50  Photon Cannon  
  59  5:51  Pylon  
  59  5:53  Probe (Chrono Boost)  
  60  6:02  Probe (Chrono Boost)  
  62  6:05  Probe (Chrono Boost)  
  62  6:06  Zealot  
  62  6:07  Zealot  
  65  6:11  Sentry  
  65  6:15  Probe (Chrono Boost)  
  65  6:17  Probe (Chrono Boost)  
  69  6:22  Photon Cannon  
  69  6:27  Zealot x2  
  73  6:35  Zealot  
  73  6:37  Gateway  
  75  6:49  Zealot  
  75  6:52  Pylon  
  77  6:55  Pylon  
  77  7:02  Gateway  
  71  7:10  Zealot x3  
  75  7:18  Probe x2 (Chrono Boost)  
  75  7:19  Assimilator  
  75  7:20  Assimilator  
  77  7:35  Gateway x2  
  77  7:36  Pylon  
  77  7:45  Zealot x4, Pylon  
  77  7:49  Pylon, Dark Shrine  
  86  7:51  Probe (Chrono Boost)  
  86  7:56  Protoss Ground Weapons Level 3  
  85  7:59  Probe (Chrono Boost)  
  85  8:03  Probe (Chrono Boost)  
  86  8:11  Probe (Chrono Boost)  
  87  8:16  Nexus  
  87  8:27  Pylon  
  87  8:29  Probe x2 (Chrono Boost)  
  89  8:38  Robotics Facility  
  89  8:40  Sentry x4, Phoenix  
  98  8:41  Probe (Chrono Boost)  
  99  8:49  Probe (Chrono Boost)  
  99  8:53  Probe (Chrono Boost)  
  100  9:04  Gateway  
  100  9:08  Gateway  
  100  9:13  Phoenix  
  100  9:15  Dark Templar x4  
  108  9:25  Observer  
  109  9:46  Warp Prism  
  109  9:56  Dark Templar x5  
  109  9:59  Assimilator  
  122  10:00  Assimilator  
  122  10:01  Probe x3 (Chrono Boost)  
  122  10:04  Archon  
  122  10:05  Archon  
  122  10:13  Probe (Chrono Boost)  
  123  10:20  Zealot x4  
  133  10:29  Probe x2 (Chrono Boost)  
  133  10:30  Archon x2  
  133  10:41  Dark Templar x4  
  141  10:50  Pylon  
  141  10:52  Pylon  
  141  10:54  Pylon  
  141  11:00  Archon  
  141  11:01  Archon  
  141  11:10  Zealot x5  
  112  11:47  Zealot x9  
  130  11:55  Immortal  
  130  12:01  Protoss Shields Level 1  
  134  12:06  Robotics Facility x2  
  134  12:21  Nexus  
  134  12:22  Pylon, Photon Cannon  
  134  12:24  Assimilator  
  134  12:25  Photon Cannon, Probe x3 (Chrono Boost)  
  134  12:26  Assimilator  
  134  12:27  Pylon  
  137  12:32  Pylon  
  137  12:41  Immortal  
  137  12:47  Zealot x9  
  159  12:53  Immortal  
  159  12:54  Probe x2 (Chrono Boost)  
  159  12:55  Immortal  
  167  13:13  Phoenix  
  167  13:15  Immortal  
  167  13:27  Dark Templar x4  
  175  13:38  Immortal x2  
  175  13:46  Probe x4 (Chrono Boost)  
Tags
 
Add a new tag
Caveats
  • Supply blocks, unpowered buildings, or Contaminate may cause inaccurate times.
  • Supply counts are checked every 10 seconds.